 Dungeon Crawl Stone Soup version 0.27-a0-1189-gb8eb6cee8e (webtiles) character file.

Game seed: 13606605727448104013

21 1player the Insei (level 2, -9/21 HPs)
             Began as a Merfolk Transmuter on May 22, 2021.
             Killed from afar by Sigmund (12 damage)
             ... with a puff of flame
             ... on level 2 of the Dungeon.
             The game lasted 00:03:37 (1526 turns).

1player the Insei (Merfolk Transmuter)              Turns: 1526, Time: 00:03:37

Health: -9/21      AC:  2    Str: 10    XL:     2   Next: 83%
Magic:  5/5        EV: 12    Int: 12    God:
Gold:   39         SH:  0    Dex: 14    Spells: 2/5 levels left

rFire    . . .     SeeInvis .     - Unarmed
rCold    . . .     Faith    .   (no shield)
rNeg     . . .     Spirit   .   a - +0 robe
rPois    .         Reflect  .   (no helmet)
rElec    .         Harm     .   (no cloak)
rCorr    .         Rampage  .   (no gloves)
Will     .....                  (no boots)
Stlth    +.........             (no amulet)
HPRegen  0.07/turn              d - ring of flight
MPRegen  0.09/turn              (no ring)

@: flying
A: (nimble swimmer 2), mertail
a: no special abilities


You were on level 2 of the Dungeon.
You visited 1 branch of the dungeon, and saw 2 of its levels.

You collected 39 gold pieces.

Inventory:

Missiles
 e - 3 curare-tipped darts
Armour
 a - a +0 robe (worn)
Jewellery
 d - a ring of flight (left hand)
Scrolls
 b - a scroll of fog {unknown}
 c - a scroll of enchant weapon {unknown}
Potions
 f - 2 potions of magic {unknown}


   Skills:
 - Level 1.1 Fighting
 - Level 2.6 Dodging
 - Level 3.2 Unarmed Combat
 - Level 2.0 Spellcasting
 + Level 3.2 Transmutations
 + Level 2.2 Poison Magic


You had 2 spell levels left.
You knew the following spells:

 Your Spells              Type           Power      Damage    Failure   Level
a - Beastly Appendage     Tmut           16%        N/A       8%          1
z - Wereblood             Tmut           8%         N/A       11%         2

Your spell library contained the following spells:

 Spells                   Type           Power      Damage    Failure   Level
 Spider Form              Tmut/Pois      3%         N/A       26%         3
 Ice Form                 Ice/Tmut       5%         N/A       80%         4
 Hydra Form               Tmut           4%         N/A       90%         5


Dungeon Overview and Level Annotations

Branches:
Dungeon (2/15)

Altars:

Annotations:
D:2 Sigmund


Innate Abilities, Weirdness & Mutations

((You are quick and stealthy near water. (Stealth+, EV+, Speed+++)))
Your lower body shifts to a powerful aquatic tail in water.


Message History

Sigmund misses you.
Throw: 4 darts (curare)
Press: ? - help, Shift-Dir - straight line, f/p - Sigmund
Aim: Sigmund, wielding a +0 scythe and wearing a +0 robe (53% to hit)
You throw a curare-tipped dart. The curare-tipped dart hits Sigmund.
Sigmund is poisoned.
Sigmund convulses.
Sigmund seems to slow down.
Sigmund is moderately wounded.
Casting: Beastly Appendage (safe; 8% risk of failure)
Confirm with . or Enter, or press ? or * to list all spells.
You grow a pair of large bovine horns.
Sigmund hits you from afar with a +0 scythe.
You barely miss Sigmund. Your headbutt misses Sigmund. You punch Sigmund.
Sigmund is heavily wounded.
Sigmund barely misses you.
You completely miss Sigmund.
Sigmund is heavily wounded.
Sigmund hits you with a +0 scythe.
You hit Sigmund but do no damage.
Sigmund is heavily wounded.
You barely miss Sigmund.
Sigmund is heavily wounded.
Sigmund gestures at himself while chanting.
Sigmund flickers and vanishes!
Deactivating autopickup; reactivate with Ctrl-A.
You hit something.
Your transformation is almost over.
You hit something. Something hits you but does no damage.
You hit something. You headbutt something. You hit something but do no damage.
Something hits you.
* * * LOW HITPOINT WARNING * * *
Something barely misses you.
Something tries to affect you, but you resist.
Your horns disappear.
A puff of flame appears from out of thin air!
The puff of flame hits you!
Ouch! That really hurt!
You die...

#.####.#......>##.###
#.#......###.#......#
#.#.##.# #.####.#.###
#.#.##.# #.###{.....#
#......# #......#.#.#
#......# #####.##.# #
#.#.##.# ##.#..#.#
#<#.##.###### #.......#
.....##......# #@.#.##.#
.#.####......###.......#..
.#.####........#.#.#......
#...........#.#.#†..#)#.
#######.<...#.#<#..##.#
#######.........#
#####.##### #.# #.#


There were no monsters in sight!

Vanquished Creatures
  A goblin (D:1)
  2 hobgoblins
  2 kobolds (D:1)
  4 ball pythons (D:1)
  5 bats (D:1)
  A frilled lizard (D:1)
  6 rats (D:1)
21 creatures vanquished.

Notes
Turn   | Place    | Note
-------+----------+-------------------------------------------
     0 | D:1      | 1player the Merfolk Transmuter began the quest for the Orb.
     0 | D:1      | Reached XP level 1. HP: 15/15 MP: 3/3
   405 | D:1      | Reached skill level 1 in Poison Magic
   508 | D:1      | Reached XP level 2. HP: 20/21 MP: 3/5
   525 | D:1      | Learned a level 2 spell: Wereblood
  1502 | D:2      | Noticed Sigmund
  1526 | D:2      | Killed from afar by Sigmund

Illustrated notes

Levels and vault maps discovered:
D:1:      dpeg_cavernosity, layout_loops_ring
D:2:      layout_loops_cross, shapermc_ecumenical_altar_mp_ritualfount,
          minmay_three_crescents, uniq_jessica, uniq_sigmund

Skill      XL: |  1  2 |
---------------+-------+-----
Poison Magic   | 1 2 |  2.2
Transmutations | 3 |  3.2
Fighting       | |  1.1
Dodging        | |  2.6
Unarmed Combat | |  3.2
Spellcasting   | |  2.0

Action                   || total
-------------------------++-------
Melee: Unarmed           ||    84
       Headbutt          ||     7
       Punch             ||     3
Throw: Dart              ||     2
 Cast: Beastly Appendage ||    14
Armor: Robe              ||    21
Dodge: Dodged            ||    66

Table legend: (Time is in decaauts)
 A = Elapsed time spent in this place.
 B = Non-inter-level travel time spent in this place.
 C = Inter-level travel time spent in this place.
 D = Time resting spent in this place.
 E = Time spent auto-exploring this place.
 F = Levels seen in this place.
 G = Mean time per level.
                   A        B        C        D        E       F      G
               +--------+--------+--------+--------+--------+-----+--------+
         Total |   1514 |   1470 |     44 |    388 |    758 |   2 |  757.0 |
       Dungeon |   1514 |   1470 |     44 |    388 |    758 |   2 |  757.0 |
               +--------+--------+--------+--------+--------+-----+--------+

Top non-repeatable levels by time:
     D:1: 1374 daAuts
     D:2: 139 daAuts
